NWL (28 & UNDER)
BALZAC RAMS @ BISMARK BORDER GUARDS
05/29/2026
 
TOP OF THE 1ST
Balzac Rams batting - Pitching for Bismark Border Guards : RHP Bud Baldwin
Pitching: RHP Bud Baldwin
Batting: RHB Ron Glass 0-0: Called Strike
0-1: Ball
1-1: Ball
2-1: Fly out, F9 (Flyball, 89M)
Batting: RHB Enrico Ramos 0-0: Called Strike
0-1: Ball
1-1: Ball
2-1: Foul Ball, location: 2F
2-2: Foul Ball, location: 2F
2-2: Ball
3-2: SINGLE (Groundball, 4MD)
Batting: LHB José Román 0-0: Ball
1-0: Ball
2-0: Foul Ball, location: 2F
2-1: Called Strike
2-2: Ball
3-2: Fly out, F8 (Flyball, 8LD)
Batting: RHB Paul Spencer 0-0: Fly out, F8 (Line Drive, 8LM)
Top of the 1st over - 0 run(s), 1 hit(s), 0 error(s), 1 left on base; Balzac 0 - Bismark 0
BOTTOM OF THE 1ST
Bismark Border Guards batting - Pitching for Balzac Rams : LHP Juan Jiménez
Pitching: LHP Juan Jiménez
Batting: RHB Edward Melton 0-0: Ball
1-0: Foul Ball, location: 2F
1-1: Ground out 6-3 (Groundball, 6)
Batting: RHB Alejandro Ramos 0-0: Ball
1-0: Swinging Strike
1-1: Ball
2-1: Ball
3-1: Foul Ball, location: 2F
3-2: Foul Ball, location: 2F
3-2: Foul Ball, location: 2F
3-2: Foul Ball, location: 2F
3-2: Base on Balls
Batting: RHB Mike Wright 0-0: Called Strike
0-1: Swinging Strike
0-2: Ball
1-2: Ball
2-2: Foul Ball, location: 2F
2-2: Ball
3-2: Fly out, F3 (Popup, 3SF)
Batting: RHB Jorge Montoya 0-0: Foul Ball, location: 2F
0-1: Fielders Choice at 2nd, U4 (Groundball, 4M)
Bottom of the 1st over - 0 run(s), 0 hit(s), 0 error(s), 1 left on base; Balzac 0 - Bismark 0
TOP OF THE 2ND
Balzac Rams batting - Pitching for Bismark Border Guards : RHP Bud Baldwin
Batting: LHB John Horton 0-0: Called Strike
0-1: Ball
1-1: Swinging Strike
1-2: Fly out, F5 (Popup, 5F)
Batting: RHB Jeremy Flemming 0-0: Ball
1-0: Foul Ball, location: 2F
1-1: Ball
2-1: Called Strike
2-2: DOUBLE (Line Drive, 5D)
Batting: LHB Daniel Carter 0-0: Ball
1-0: Called Strike
1-1: Ball
2-1: Swinging Strike
2-2: Ball
3-2: Base on Balls
Batting: LHB Howard Evans 0-0: Called Strike
0-1: Ball
1-1: Grounds into double play, 4-6-3 (Groundball, 4)
Top of the 2nd over - 0 run(s), 1 hit(s), 0 error(s), 1 left on base; Balzac 0 - Bismark 0
BOTTOM OF THE 2ND
Bismark Border Guards batting - Pitching for Balzac Rams : LHP Juan Jiménez
Batting: RHB Doug Williams 0-0: Called Strike
0-1: Ball
1-1: Swinging Strike
1-2: SINGLE (Line Drive, 4MD)
Batting: LHB Rusty Herbert 0-0: Called Strike
0-1: Ball
1-1: Foul Ball, location: 2F
1-2: SINGLE (Groundball, 4MD) (infield hit)
Doug Williams to second
Batting: RHB Reynaldo Slomp 0-0: Ball
1-0: Fly out, F6 (Popup, 6D)
Batting: LHB Norbert Mosley 0-0: Ball
Throwing error on steal attempt, E2
Doug Williams scores
Rusty Herbert to third
1-0: Fly out, F6 (Popup, 56)
Batting: SHB Vicente Pagán 0-0: Fly out, F4 (Popup, 4M)
Bottom of the 2nd over - 1 run(s), 2 hit(s), 1 error(s), 1 left on base; Balzac 0 - Bismark 1
TOP OF THE 3RD
Balzac Rams batting - Pitching for Bismark Border Guards : RHP Bud Baldwin
Batting: RHB Ricardo Muñóz 0-0: Called Strike
0-1: SINGLE (Groundball, 56D)
Batting: RHB Ron Glass 0-0: Foul Ball, location: 2F
0-1: Foul Ball, location: 2F
0-2: Ball
1-2: Foul Ball, location: 2F
1-2: Strikes out swinging
Batting: RHB Enrico Ramos 0-0: Swinging Strike
0-1: Grounds into double play, 6-4-3 (Groundball, 6)
Top of the 3rd over - 0 run(s), 1 hit(s), 0 error(s), 0 left on base; Balzac 0 - Bismark 1
BOTTOM OF THE 3RD
Bismark Border Guards batting - Pitching for Balzac Rams : LHP Juan Jiménez
Batting: RHB Edward Melton 0-0: Swinging Strike
0-1: Ball
1-1: Called Strike
1-2: Strikes out swinging
Batting: RHB Alejandro Ramos 0-0: Foul Ball, location: 2F
0-1: Called Strike
0-2: Strikes out swinging
Batting: RHB Mike Wright 0-0: Called Strike
0-1: Swinging Strike
0-2: Fly out, F4 (Popup, 4)
Bottom of the 3rd over - 0 run(s), 0 hit(s), 0 error(s), 0 left on base; Balzac 0 - Bismark 1
TOP OF THE 4TH
Balzac Rams batting - Pitching for Bismark Border Guards : RHP Bud Baldwin
Batting: LHB José Román 0-0: Swinging Strike
0-1: Ball
1-1: Ball
2-1: Ball
3-1: Base on Balls
Batting: RHB Paul Spencer 0-0: Foul Ball, location: 2F
0-1: Ball
1-1: Foul Ball, location: 2F
1-2: Ball
2-2: Strikes out swinging
Batting: LHB John Horton 0-0: Foul Ball, location: 2F
0-1: Ball
1-1: Fly out, F7 (Flyball, 78S)
Batting: RHB Jeremy Flemming 0-0: Called Strike
0-1: Swinging Strike
0-2: Strikes out swinging
Top of the 4th over - 0 run(s), 0 hit(s), 0 error(s), 1 left on base; Balzac 0 - Bismark 1
BOTTOM OF THE 4TH
Bismark Border Guards batting - Pitching for Balzac Rams : LHP Juan Jiménez
Batting: RHB Jorge Montoya 0-0: Ground out 6-3 (Groundball, 6M)
Batting: RHB Doug Williams 0-0: Ball
1-0: Called Strike
1-1: Ground out 4-3 (Groundball, 4M)
Batting: LHB Rusty Herbert 0-0: Foul Ball, location: 2F
0-1: Ball
1-1: Foul Ball, location: 2F
1-2: Ball
2-2: Strikes out swinging
Bottom of the 4th over - 0 run(s), 0 hit(s), 0 error(s), 0 left on base; Balzac 0 - Bismark 1
TOP OF THE 5TH
Balzac Rams batting - Pitching for Bismark Border Guards : RHP Bud Baldwin
Batting: LHB Daniel Carter 0-0: DOUBLE (Line Drive, 9LS)
Batting: LHB Howard Evans 0-0: Ball
1-0: Ball
2-0: Swinging Strike
2-1: Ball
3-1: Foul Ball, location: 2F
3-2: Base on Balls
Batting: RHB Ricardo Muñóz 0-0: Ball
1-0: Foul Ball, location: 2F
1-1: Ball
2-1: Swinging Strike
2-2: Strikes out swinging
Batting: RHB Ron Glass 0-0: Grounds into double play, 5-4-3 (Groundball, 5)
Top of the 5th over - 0 run(s), 1 hit(s), 0 error(s), 1 left on base; Balzac 0 - Bismark 1
BOTTOM OF THE 5TH
Bismark Border Guards batting - Pitching for Balzac Rams : LHP Juan Jiménez
Batting: RHB Reynaldo Slomp 0-0: SINGLE (Line Drive, 78M)
Batting: LHB Norbert Mosley 0-0: Swinging Strike
0-1: Fly out, F8 (Flyball, 8LXD)
Batting: SHB Vicente Pagán 0-0: Called Strike
0-1: Ball
1-1: Fly out, F8 (Flyball, 8RD)
Batting: RHB Edward Melton 0-0: Ball
1-0: Fielders Choice at 2nd, U4 (Groundball, 4M)
Bottom of the 5th over - 0 run(s), 1 hit(s), 0 error(s), 1 left on base; Balzac 0 - Bismark 1
TOP OF THE 6TH
Balzac Rams batting - Pitching for Bismark Border Guards : RHP Bud Baldwin
Batting: RHB Enrico Ramos 0-0: Ball
1-0: Ball
2-0: Swinging Strike
2-1: Ball
3-1: Fly out, F9 (Flyball, 9M)
Batting: LHB José Román 0-0: Ball
1-0: Foul Ball, location: 2F
1-1: Ball
2-1: Ball
3-1: Swinging Strike
3-2: Strikes out swinging
Batting: RHB Paul Spencer 0-0: Ball
1-0: Foul Ball, location: 2F
1-1: Foul Ball, location: 2F
1-2: Strikes out looking
Top of the 6th over - 0 run(s), 0 hit(s), 0 error(s), 0 left on base; Balzac 0 - Bismark 1
BOTTOM OF THE 6TH
Bismark Border Guards batting - Pitching for Balzac Rams : LHP Juan Jiménez
Batting: RHB Alejandro Ramos 0-0: Called Strike
0-1: Foul Ball, location: 2F
0-2: Ball
1-2: Foul Ball, location: 2F
1-2: Foul Ball, location: 2F
1-2: Foul Ball, location: 2F
1-2: Foul Ball, location: 2F
1-2: SINGLE (Flyball, 8RS)
Batting: RHB Mike Wright 0-0: Swinging Strike
0-1: Fielders Choice at 2nd, 6-4 (Groundball, 6)
Batting: RHB Jorge Montoya 0-0: Ball
1-0: Ball
2-0: Grounds into double play, 6-4-3 (Groundball, 6)
Bottom of the 6th over - 0 run(s), 1 hit(s), 0 error(s), 0 left on base; Balzac 0 - Bismark 1
TOP OF THE 7TH
Balzac Rams batting - Pitching for Bismark Border Guards : RHP Bud Baldwin
Batting: LHB John Horton 0-0: Called Strike
0-1: Ball
1-1: Swinging Strike
1-2: Strikes out swinging
Batting: RHB Jeremy Flemming 0-0: Ground out 6-3 (Groundball, 6)
Batting: LHB Daniel Carter 0-0: Foul Ball, location: 2F
0-1: Foul Ball, location: 2F
0-2: Strikes out looking
Top of the 7th over - 0 run(s), 0 hit(s), 0 error(s), 0 left on base; Balzac 0 - Bismark 1
BOTTOM OF THE 7TH
Bismark Border Guards batting - Pitching for Balzac Rams : LHP Juan Jiménez
Batting: RHB Doug Williams 0-0: Swinging Strike
0-1: Foul Ball, location: 2F
0-2: Foul Ball, location: 2F
0-2: Ball
1-2: Ball
2-2: Reached on error, E6 (Groundball, 6)
Batting: LHB Rusty Herbert 0-0: Ball
1-0: Bunted foul
1-1: Ball
2-1: Bunt missed!
2-2: Ball
3-2: Base on Balls
Doug Williams to second
Batting: RHB Reynaldo Slomp 0-0: Sac Bunt - play at first, batter OUT! U3
Doug Williams to third
Rusty Herbert to second
Batting: LHB Norbert Mosley 0-0: Intentional Walk
Batting: SHB Vicente Pagán 0-0: Ball
1-0: Ball
2-0: Foul Ball, location: 2F
2-1: Fly out, F9 (Line Drive, 9S)
Pitching: LHP Pedro Guerra
Batting: RHB Edward Melton 0-0: Ball
1-0: SINGLE (Flyball, 89S)
Doug Williams scores
Rusty Herbert to third
Norbert Mosley to second
Runner from 3rd tries for Home, SAFE, no throw or cutoff
Batting: RHB Alejandro Ramos 0-0: Called Strike
0-1: Ball
1-1: Swinging Strike
1-2: Ball
2-2: SINGLE (Line Drive, 89S)
Norbert Mosley to third
Edward Melton to second
Runner from 3rd tries for Home, SAFE, no throw or cutoff
Batting: RHB Mike Wright 0-0: Called Strike
0-1: Called Strike
0-2: Ball
1-2: Ball
2-2: Ball
3-2: Foul Ball, location: 2F
3-2: Fly out, F9 (Flyball, 89XD)
Bottom of the 7th over - 3 run(s), 2 hit(s), 1 error(s), 2 left on base; Balzac 0 - Bismark 4
TOP OF THE 8TH
Balzac Rams batting - Pitching for Bismark Border Guards : RHP Bud Baldwin
Pitching: RHP Nathan Walters
Batting: LHB Howard Evans 0-0: Swinging Strike
0-1: Swinging Strike
0-2: Strikes out looking
Batting: RHB Ricardo Muñóz 0-0: Ball
1-0: Ball
2-0: Called Strike
2-1: Foul Ball, location: 2F
2-2: Foul Ball, location: 2F
2-2: Foul Ball, location: 2F
2-2: Ball
3-2: Base on Balls
Batting: RHB Ron Glass 0-0: Called Strike
0-1: Called Strike
0-2: SINGLE (Groundball, 56D)
Ricardo Muñóz to second
Batting: RHB Enrico Ramos 0-0: Ball
1-0: Ball
2-0: Swinging Strike
2-1: Foul Ball, location: 2F
2-2: DOUBLE (Line Drive, 8RD)
Ricardo Muñóz scores
Ron Glass to third
Runner from 3rd tries for Home, SAFE, no throw or cutoff
Batting: LHB José Román 0-0: Called Strike
0-1: Foul Ball, location: 2F
0-2: Strikes out swinging
Batting: RHB Paul Spencer 0-0: Ball
1-0: Ball
2-0: Swinging Strike
2-1: Ball
3-1: Foul Ball, location: 2F
3-2: Foul Ball, location: 2F
3-2: TRIPLE (Line Drive, 8LXD)
Enrico Ramos scores
Pitching: RHP Edward Hastings
Batting: LHB John Horton 0-0: Ball
1-0: Ground out 2-3 (Groundball, 2L)
Top of the 8th over - 3 run(s), 3 hit(s), 0 error(s), 1 left on base; Balzac 3 - Bismark 4
BOTTOM OF THE 8TH
Bismark Border Guards batting - Pitching for Balzac Rams : LHP Pedro Guerra
Batting: RHB Jorge Montoya 0-0: Ball
1-0: Fly out, F7 (Flyball, 78D)
Batting: RHB Doug Williams 0-0: Ball
1-0: Ground out 1-3 (Groundball, 13)
Batting: LHB Rusty Herbert 0-0: Called Strike
0-1: Ball
1-1: Ground out 4-3 (Groundball, 34)
Bottom of the 8th over - 0 run(s), 0 hit(s), 0 error(s), 0 left on base; Balzac 3 - Bismark 4
TOP OF THE 9TH
Balzac Rams batting - Pitching for Bismark Border Guards : RHP Edward Hastings
Pitching: RHP Beau Murphy
Batting: RHB Jeremy Flemming 0-0: Ball
1-0: Ball
2-0: Ground out 4-3 (Groundball, 4)
Batting: LHB Daniel Carter 0-0: Called Strike
0-1: Ball
1-1: SINGLE (Groundball, 34D) (infield hit)
Batting: LHB Howard Evans 0-0: Ball
1-0: Ball
2-0: 2-RUN HOME RUN (Flyball, 9D), Distance : 374 ft
Batting: RHB Ricardo Muñóz 0-0: Ball
1-0: Called Strike
1-1: Ball
2-1: Ball
3-1: Called Strike
3-2: Base on Balls
Batting: RHB Ron Glass 0-0: Ball
1-0: Swinging Strike
1-1: Fly out, F7 (Line Drive, 78M)
Batting: RHB Enrico Ramos 0-0: Ball
1-0: Called Strike
1-1: Ball
2-1: Called Strike
2-2: Ball
3-2: Fly out, F8 (Flyball, 78S)
Top of the 9th over - 2 run(s), 2 hit(s), 0 error(s), 1 left on base; Balzac 5 - Bismark 4
BOTTOM OF THE 9TH
Bismark Border Guards batting - Pitching for Balzac Rams : LHP Pedro Guerra
Pitching: RHP John Dickson
Now at 1B: Carlos Barrios
Now in LF: Luis Suárez
Batting: RHB Reynaldo Slomp 0-0: Ball
1-0: Called Strike
1-1: Ball
2-1: Ball
3-1: Called Strike
3-2: Strikes out looking
Batting: LHB Norbert Mosley 0-0: Ball
1-0: Foul Ball, location: 2F
1-1: Ball
2-1: Ball
3-1: Called Strike
3-2: Fly out, F7 (Flyball, 7M)
Batting: SHB Vicente Pagán 0-0: Ball
1-0: Called Strike
1-1: Called Strike
1-2: Ball
2-2: Strikes out swinging
Bottom of the 9th over - 0 run(s), 0 hit(s), 0 error(s), 0 left on base; Balzac 5 - Bismark 4
Monday, December 5th, 2016 - OOTP Baseball 17.12 Build 75